 Dungeon Crawl Stone Soup version 0.30.1-11-g7821555f0a (webtiles) character file.

Game seed: 4435274996730079604

1570 lonewolfV2 the Fighter (level 9, -9/81 HPs)
             Began as a Formicid Fighter on Nov 17, 2023.
             Was a Follower of the Shining One.
             Mangled by a centaur
             ... wielding the +7 falchion "Beastslayer" {spect, rPois}
              (14 damage)
             ... on level 7 of the Dungeon.
             The game lasted 00:05:44 (5507 turns).

lonewolfV2 the Fighter (Formicid Fighter)           Turns: 5507, Time: 00:05:44

Health: -9/81      AC: 15    Str: 24    XL:     9   Next: 13%
Magic:  9/9        EV:  6    Int:  7    God:    the Shining One [*.....]
Gold:   278        SH:  5    Dex: 15    Spells: 8/8 levels left

rFire   . . .        a - +1 war axe (heavy)
rCold   . . .        c - +0 buckler
rNeg    + . .        i - +1 plate armour
rPois   .            (helmet unavailable)
rElec   .            (no cloak)
rCorr   .            l - +0 pair of gloves
SInv    +            (no boots)
Will    .....        (no amulet) Stlth
                     f - ring of positive energy
HPRegen 0.33/turn    (no ring)
MPRegen 0.11/turn

%: no passive effects
@: glowing
A: permanent stasis, dig shafts and tunnels, antennae 3, four strong arms
a: Dig, Shaft Self, Renounce Religion, Divine Shield


You were on level 7 of the Dungeon.
You worshipped the Shining One.
The Shining One was aware of your devotion.
You visited 1 branch of the dungeon, and saw 7 of its levels.

You collected 278 gold pieces.

Inventory:

Hand Weapons
 a - a +1 heavy war axe (weapon)
Armour
 c - a +0 buckler (worn)
 i - a +1 plate armour (worn)
 l - a +0 pair of gloves (worn)
Jewellery
 f - a ring of positive energy (left hand)
Wands
 b - a wand of roots (4)
Scrolls
 m - 2 scrolls of fear
 n - 2 scrolls of identify
 o - a scroll of silence
Potions
 d - 2 potions of might
 e - a potion of invisibility {unknown}
 g - a potion of flight
 h - 2 potions of attraction
 j - 3 potions of curing
 k - a potion of mutation {unknown}
 p - a potion of heal wounds {unknown}
 q - a potion of degeneration
 r - a potion of cancellation {unknown}


   Skills:
 - Level 11.0 Fighting
 - Level 2.0 Axes
 * Level 6.5 Armour
 - Level 4.0 Shields


You had 8 spell levels left.
You didn't know any spells.
Your spell library contained the following spells:

 Spells                   Type           Power      Damage    Failure   Level
 Freeze                   Ice            0%         1d3       100%        1
 Frozen Ramparts          Ice            0%         1d1       100%        3
 Hailstorm                Conj/Ice       0%         3d3       100%        3


Dungeon Overview and Level Annotations

Branches:
Dungeon (7/15)
 Temple: D:4-7

Altars:
Elyvilon
Kikubaaqudgha
Trog
Uskayaw
Zin
The Shining One

Shops:
D:2 [

Annotations:
D:7 3 runed translucent doors, Azazsd's ghost, novice GrBe; Azazsd's ghost, novice MiBe; ChrisAssaf's ghost, novice GnFi; Dvallin's ghost, amateur FoFi


Innate Abilities, Weirdness & Mutations

You cannot be hasted, slowed, berserked, paralysed or teleported.
You can dig through walls and to a lower floor.
You have a pair of large antennae on your head. (SInv)
Your four strong arms can wield two-handed weapons with a shield.


Message History

The centaur shoots an arrow.
You block the arrow.
The centaur shoots an arrow.
The arrow hits you.
The centaur shoots an arrow.
The arrow hits you.
The centaur shoots an arrow.
The arrow hits you.
The centaur shoots an arrow.
The arrow hits you but does no damage.
The centaur shoots an arrow.
The arrow barely misses you.
The centaur shoots an arrow.
The arrow hits you.
The centaur shoots an arrow.
The arrow hits you but does no damage.
The centaur shoots an arrow.
You block the arrow.
The centaur shoots an arrow.
The arrow hits you!
The centaur shoots an arrow.
The arrow hits you.
The centaur shoots an arrow.
You block the arrow.
The centaur shoots an arrow.
The arrow barely misses you.
The centaur shoots an arrow.
The arrow hits you but does no damage.
The centaur shoots an arrow.
You block the arrow.
The centaur shoots an arrow.
The arrow hits you but does no damage.
The centaur shoots an arrow.
The arrow hits you.
The centaur shoots an arrow.
The arrow hits you but does no damage.
The centaur shoots an arrow.
The arrow hits you!
The centaur shoots an arrow.
The arrow hits you but does no damage.
The centaur shoots an arrow.
The arrow hits you but does no damage.
The centaur shoots an arrow.
The arrow hits you.
You slice the centaur!!
The centaur is almost dead.
The centaur unwields a +0 shortbow.
The centaur wields the +7 falchion "Beastslayer" {spect, rPois}.
The centaur hits you with the +7 falchion "Beastslayer" {spect, rPois}!
* * * LOW HITPOINT WARNING * * *
The +7 falchion "Beastslayer" {spect, rPois} hits you.
* * * LOW HITPOINT WARNING * * *
The centaur kicks you but does no damage.
The centaur shoots an arrow.
The arrow hits you but does no damage.
The centaur hits you with the +7 falchion "Beastslayer" {spect, rPois}.
* * * LOW HITPOINT WARNING * * *
The +7 falchion "Beastslayer" {spect, rPois} hits you.
* * * LOW HITPOINT WARNING * * *
The centaur kicks you but does no damage.
The centaur shoots an arrow.
The arrow hits you.
* * * LOW HITPOINT WARNING * * *
The centaur hits you with the +7 falchion "Beastslayer" {spect, rPois}!
You die...

###.#.########.####
#.#.# #.# # #.# #.#
#.# #.# #.# #.#
..######.######
........c@....#
..###.##(####.# #
#c# # #.####.##
####.##........
..)............
#####.#......c.
#.#........ .
.........


You could see a +7 falchion "Beastslayer" {spect, rPois} and 2 centaurs.

Vanquished Creatures
  Pikel (D:6)
  A hornet (D:7)
  A water moccasin (D:6)
  An orc warrior (D:6)
  An ice beast (D:7)
  A centaur (D:6)
  A phantom (D:6)
  2 howler monkeys (D:6)
  A hound (D:4)
  A jelly (D:5)
  A sleepcap (D:3)
  Terence (D:3)
  3 iguanas
  Natasha (twice) (D:3)
  5 adders
  4 gnolls (D:4)
  A shadow imp (D:6)
  A worm (D:2)
  3 dart slugs
  9 orcs
  9 ball pythons
  5 endoplasms
  6 giant cockroaches
  4 goblins
  7 hobgoblins
  6 jackals
  5 kobolds
  4 quokkas
  7 bats
  8 rats
102 creatures vanquished.

Notes
Turn   | Place    | Note
-------+----------+-------------------------------------------
     0 | D:1      | lonewolfV2 the Formicid Fighter began the quest for the
                  | Orb.
     0 | D:1      | Reached XP level 1. HP: 18/18 MP: 1/1
   197 | D:1      | Reached XP level 2. HP: 25/25 MP: 2/2
   199 | D:1      | Reached skill level 4 in Fighting
   517 | D:1      | Reached XP level 3. HP: 29/31 MP: 3/3
   941 | D:2      | Found Hymupp's Antique Armour Boutique.
  1024 | D:2      | Reached skill level 5 in Fighting
  1066 | D:2      | Reached XP level 4. HP: 35/39 MP: 4/4
  1633 | D:3      | Found a glowing golden altar of the Shining One.
  1634 | D:3      | Found a glowing silver altar of Zin.
  1635 | D:3      | Found a white marble altar of Elyvilon.
  1663 | D:3      | Became a worshipper of the Shining One
  1753 | D:3      | Reached XP level 5. HP: 44/46 MP: 5/5
  1857 | D:3      | Reached skill level 6 in Fighting
  2087 | D:3      | Noticed Terence
  2097 | D:3      | Killed Terence
  2328 | D:3      | Noticed Natasha
  2332 | D:3      | Killed Natasha
  2625 | D:3      | Noticed Natasha
  2631 | D:3      | Killed Natasha
  2632 | D:3      | Reached XP level 6. HP: 53/53 MP: 6/6
  2688 | D:4      | Found a bloodstained altar of Trog.
  2971 | D:4      | Reached skill level 7 in Fighting
  3592 | D:4      | Found an ancient bone altar of Kikubaaqudgha.
  3621 | D:4      | Found a hide-covered altar of Uskayaw.
  3805 | D:5      | Entered Level 5 of the Dungeon
  3810 | D:5      | Reached skill level 8 in Fighting
  3810 | D:5      | Reached XP level 7. HP: 51/62 MP: 7/7
  4193 | D:6      | Reached * piety under the Shining One
  4203 | D:6      | Reached skill level 9 in Fighting
  4358 | D:6      | Noticed Pikel
  4376 | D:6      | Killed Pikel
  4377 | D:6      | Reached skill level 11 in Fighting
  4377 | D:6      | Reached XP level 8. HP: 36/75 MP: 8/8
  5077 | D:7      | Noticed a hornet
  5084 | D:7      | Killed a hornet
  5085 | D:7      | Reached XP level 9. HP: 48/81 MP: 9/9
  5462 | D:7      | Found a runed translucent gate.
  5462 | D:7      | Found a runed translucent gate.
  5462 | D:7      | Found a runed translucent gate.
  5468 | D:7      | Noticed Dvallin's ghost (amateur FoFi)
  5469 | D:7      | Noticed Azazsd's ghost (novice GrBe)
  5469 | D:7      | Noticed ChrisAssaf's ghost (novice GnFi)
  5469 | D:7      | Noticed Azazsd's ghost (novice MiBe)
  5490 | D:7      | Identified the +7 falchion "Beastslayer" {spect, rPois}
  5507 | D:7      | Mangled by a centaur

Illustrated notes

Levels and vault maps discovered:
D:1:      evilmike_arrival_home_sweet_home, layout_loops_ring, grunt_decor_cap,
          minivault_27
D:2:      minmay_inner_zag, layout_basic, serial_shops,
          nicolae_shop_tiny_statue_garden, nicolae_underground_beach
D:3:      layout_basic, good_gods_temple_1, uniq_terence, uniq_natasha
D:4:      layout_basic, mainiacjoe_overflow_two_lobes,
          mainiacjoe_overflow_paths, minmay_misc_feat_ornament,
          grunt_decor_resistance
D:5:      layout_loops_ring, grunt_decor_arrowhead
D:6:      layout_basic, minivault_27, kennysheep_generic_room_11, uniq_pikel
D:7:      layout_loops_ring, pdpol_wu_jian_five_deadly_venoms,
          minmay_temple_entry_butterflies, gammafunk_ghost_cemetery

Skill      XL: |  1  2  3  4  5  6  7  8 |
---------------+-------------------------+-----
Fighting       | 4 5 6 8 11 | 11.0
Armour         | 6 |  6.5
Axes           | |  2.0
Shields        | |  4.0

Action                     |  1- 3 |  4- 6 |  7- 9 || total
---------------------------+-------+-------+-------++-------
  Melee: War axe           |    72 |   136 |    83 ||   291
    Use: Scroll            |     4 |    10 |     2 ||    16
 Armour: Scale mail        |    12 |       |       ||    12
         Plate armour      |    60 |   122 |    81 ||   263
  Dodge: Dodged            |    32 |    52 |    37 ||   121
  Block: Buckler           |    16 |    46 |    43 ||   105
